 Dungeon Crawl Stone Soup version 0.26-a0-652-gafc20e3620 (webtiles) character file.

Game seed: 12827289572950418928

88 DoubleLucky the Grave Robber (level 4, 0/32 HPs)
             Began as a Vampire Necromancer on Oct 4, 2020.
             Slain by an ice beast (5 damage)
             ... on level 3 of the Dungeon.
             The game lasted 00:12:10 (2342 turns).

DoubleLucky the Grave Robber (Vampire Necromancer)  Turns: 2342, Time: 00:12:11

Health: 0/32       AC:  2    Str:  7    XL:     4   Next: 29%
Magic:  1/8        EV: 12    Int: 18    God:
Gold:   136        SH:  0    Dex: 14    Spells: 3/8 levels left

rFire    . . .     SeeInvis +   i - +0 dagger
rCold    . . .     Faith    .   (no shield)
rNeg     . . .     Spirit   .   a - +0 robe
rPois    .         Reflect  .   (no helmet)
rElec    .         Harm     .   (no cloak)
rCorr    .         Rampage  .   (no gloves)
MR       .....                  (no boots)
Stlth    +++.......             (no amulet)
HPRegen  0.30/turn              (no ring)
MPRegen  0.11/turn              (no ring)

@: regenerating quickly
A: fangs 3, see invisible, unbreathing
a: Exsanguinate


You were on level 3 of the Dungeon.
You visited 1 branch of the dungeon, and saw 3 of its levels.

You collected 136 gold pieces.

Inventory:

Hand Weapons
 i - a +0 dagger (weapon)
Missiles
 e - 45 stones (quivered)
Armour
 a - a +0 robe (worn)
 p - a +0 leather armour
Jewellery
 n - an uncursed amulet of regeneration {unknown}
Wands
 m - a wand of paralysis (5)
Scrolls
 f - 3 scrolls of remove curse
 g - a scroll of immolation
Potions
 b - 3 potions of curing
 c - a potion of stabbing {unknown}
 d - a potion of mutation {unknown}
 h - a potion of degeneration {unknown}
 j - a potion of heal wounds {unknown}
 k - a potion of brilliance {unknown}
 l - 2 potions of haste {unknown}
 o - 2 potions of resistance {unknown}


   Skills:
 + Level 1.5 Fighting
 - Level 2.1 Dodging
 + Level 4.4 Stealth
 + Level 2.7 Spellcasting
 + Level 4.9 Necromancy


You had 3 spell levels left.
You knew the following spells:

 Your Spells              Type           Power        Failure   Level
a - Pain                  Necr           ###.         2%          1
b - Animate Skeleton      Necr           ###...       2%          1
c - Vampiric Draining     Necr           ###.......   7%          3

Your spell library contained the following spells:

 Spells                   Type           Power        Failure   Level
 Animate Dead             Necr           ###.......   22%         4
 Agony                    Necr           ###.....     52%         5


Dungeon Overview and Level Annotations

Branches:
Dungeon (3/15)

Altars:


Innate Abilities, Weirdness & Mutations

Your natural rate of healing is unusually fast.
You have razor-sharp teeth.
You have supernaturally acute eyesight. (SInv)
You can survive without breathing.


Message History

Aim: an ice beast (severely wounded, chance to defeat MR: 80%)
The ice beast writhes in agony.
The ice beast hits you. The ice beast freezes you!
Casting: Pain (safe; 2% risk of failure)
Confirm with . or Enter, or press ? or * to list all spells.
Aiming: Pain (safe; 2% risk of failure)
Press: ? - help, Shift-Dir - straight line, f/p - ice beast
Aim: an ice beast (severely wounded, chance to defeat MR: 80%)
The ice beast writhes in agony.
The ice beast hits you. The ice beast freezes you!
* * * LOW HITPOINT WARNING * * *
Casting: Pain (safe; 2% risk of failure)
Confirm with . or Enter, or press ? or * to list all spells.
Aiming: Pain (safe; 2% risk of failure)
Press: ? - help, Shift-Dir - straight line, f/p - ice beast
Aim: an ice beast (severely wounded, chance to defeat MR: 80%)
The ice beast writhes in agony!
The ice beast hits you.
* * * LOW HITPOINT WARNING * * *
The ice beast freezes you.
You die...

####### ########
###.....#####..(...##
....................##
#..................#####
#.....###..............#
#.....# #..........#####
###.### #..........##
####..#####...........#
....)..†.......Y@...#.#
#....######...........#####
###....# #...............##
##.#.#
#.......÷..<###..####
#.#..# #...........#
##....# #.#
...#...........# #....# ..#
##.##........#.#####...#
..# ..##......##.#...#...#
#########...#.#...#


You could see an ice beast.

Vanquished Creatures
  4 adders
  A dart slug (D:2)
  A leopard gecko (D:1)
  An orc (D:3)
  4 giant cockroaches
  5 goblins
  6 hobgoblins
  2 jackals (D:2)
  2 quokkas (D:2)
  8 bats
  3 frilled lizards
  5 kobolds
  4 rats (D:1)
46 creatures vanquished.

Notes
Turn   | Place    | Note
-------+----------+-------------------------------------------
     0 | D:1      | DoubleLucky the Vampire Necromancer began the quest for the
                  | Orb.
     0 | D:1      | Reached XP level 1. HP: 13/13 MP: 3/3
    10 | D:1      | Learned a level 1 spell: Animate Skeleton
   302 | D:1      | Reached XP level 2. HP: 20/20 MP: 1/5
  1113 | D:2      | Reached skill level 1 in Fighting
  1113 | D:2      | Reached XP level 3. HP: 25/26 MP: 0/6
  1176 | D:2      | Learned a level 3 spell: Vampiric Draining
  1300 | D:2      | You fall into a shaft and drop 1 floor!
  2124 | D:3      | Reached XP level 4. HP: 22/32 MP: 1/8
  2317 | D:3      | Noticed an ice beast
  2342 | D:3      | Slain by an ice beast

Illustrated notes

Levels and vault maps discovered:
D:1:      saegor_arrival_simple_b, layout_basic, minmay_tetromino_t2
D:2:      layout_loops_cross
D:3:      layout_rooms, hellmonk_ghost_happy_afterlife, led_xom_imps

Skill      XL: |  1  2  3 |
---------------+----------+-----
Fighting       | 1 |  1.5
Stealth        | 4 |  4.4
Dodging        | |  2.1
Spellcasting   | |  2.7
Necromancy     | |  4.9

Action                   |  1- 3 |  4- 6 || total
-------------------------+-------+-------++-------
Melee: Club              |     8 |       ||     8
       Bite              |     1 |       ||     1
       Dagger            |     4 |       ||     4
       Short sword       |     1 |       ||     1
Throw: Stone             |     4 |     1 ||     5
 Cast: Pain              |    72 |    14 ||    86
       Animate Skeleton  |     2 |       ||     2
  Use: Scroll            |     3 |       ||     3
Armor: Robe              |     3 |       ||     3
Dodge: Dodged            |    24 |     1 ||    25

Table legend: (Time is in decaauts)
 A = Elapsed time spent in this place.
 B = Non-inter-level travel time spent in this place.
 C = Inter-level travel time spent in this place.
 D = Time resting spent in this place.
 E = Time spent auto-exploring this place.
 F = Levels seen in this place.
 G = Mean time per level.
                   A        B        C        D        E       F      G
               +--------+--------+--------+--------+--------+-----+--------+
         Total |   2344 |   2292 |     52 |    613 |    793 |   3 |  781.3 |
       Dungeon |   2344 |   2292 |     52 |    613 |    793 |   3 |  781.3 |
               +--------+--------+--------+--------+--------+-----+--------+

Top non-repeatable levels by time:
     D:2: 1068 daAuts
     D:1: 1035 daAuts
     D:3: 240 daAuts
